 Dungeon Crawl Stone Soup version 0.29.1-15-g9cfb28693d (webtiles) character file.

Game seed: 11897744253640149764

627 buriedalive the Chiller (level 7, -1/36 HPs)
             Began as a Deep Elf Ice Elementalist on Apr 28, 2023.
             Was an Initiate of Vehumet.
             Slain by an ice beast (12 damage)
             ... on level 5 of the Dungeon.
             The game lasted 00:12:17 (4776 turns).

buriedalive the Chiller (Deep Elf Ice Elementalist) Turns: 4776, Time: 00:12:18

Health: -1/36      AC:  5    Str:  5    XL:     7   Next: 23%
Magic:  12/16      EV: 18    Int: 22    God:    Vehumet [......]
Gold:   590        SH:  0    Dex: 13    Spells: 9/16 levels left

rFire   . . .      SeeInvis .   x - +1 dagger (venom)
rCold   . . .      Faith    .   (no shield)
rNeg    + . .      Spirit   .   a - +0 robe
rPois   .          Reflect  .   q - +1 helmet
rElec   +          Harm     .   m - +0 cloak
rCorr   .          Rampage  .   (no gloves)
Will    +....                   (no boots)
Stlth   ++........              (no amulet)
HPRegen 0.12/turn               y - ring "Odost" {rN+ Will+}
MPRegen 0.15/turn               s - +4 ring of evasion

@: no status effects
A: clumsy 1, sense surroundings 1, electricity resistance
a: Renounce Religion


You were on level 5 of the Dungeon.
You worshipped Vehumet.
Vehumet was noncommittal.
You visited 2 branches of the dungeon, and saw 6 of its levels.

You collected 590 gold pieces.

Inventory:

Hand Weapons
 c - a +0 dagger
 i - a +1 triple crossbow of flaming
 w - a +1 whip of venom
 x - a +1 dagger of venom (weapon)
Missiles
 d - 6 poisoned darts
 e - 47 stones
Armour
 a - a +0 robe (worn)
 m - a +0 cloak (worn)
 q - a +1 helmet (worn)
Jewellery
 k - a ring of wizardry
 s - a +4 ring of evasion (right hand)
 y - the ring "Odost" (left hand) {rN+ Will+}
   (You found it on level 5 of the Dungeon)

   [ring of positive energy]

   rN:        It protects you from negative energy.
   Will:      It increases your willpower.
Wands
 g - a wand of quicksilver (11)
Scrolls
 f - 2 scrolls of fear
 h - 2 scrolls of identify
 p - 2 scrolls of amnesia
 r - 2 scrolls of vulnerability {unknown}
 t - a scroll of blinking {unknown}
Potions
 b - a potion of magic
 l - 2 potions of might
 n - a potion of cancellation {unknown}
 o - a potion of attraction {unknown}
 v - a potion of ambrosia {unknown}
 z - a potion of haste {unknown}


   Skills:
 + Level 6.4 Dodging
 - Level 2.4 Stealth
 - Level 5.0 Spellcasting
 + Level 7.2 Ice Magic


You had 9 spell levels left.
You knew the following spells:

 Your Spells              Type           Power      Damage    Failure   Level
a - Freeze                Ice            100%       1d11      1%          1
b - Ozocubu's Armour      Ice            37%        N/A       1%          3
c - Frozen Ramparts       Ice            74%        1d12      1%          3

Your spell library contained the following spells:

 Spells                   Type           Power      Damage    Failure   Level
 Hailstorm                Conj/Ice       21%        3d6       22%         4


Dungeon Overview and Level Annotations

Branches:
Dungeon (5/15)             Temple (1/1) D:4

Altars:
Cheibriados
Elyvilon
Gozag
Hepliaklqana
Makhleb
Ru
Uskayaw
Vehumet
Wu Jian
Xom
Zin

Shops:
D:1 ?   D:2 (   D:4 *


Innate Abilities, Weirdness & Mutations

You are clumsy. (Dex -2)
You passively map a small area around you.
You are resistant to electric shocks. (rElec)


Message History

The ice beast misses you.
Casting: Freeze (safe; 1% risk of failure)
Confirm with . or Enter, or press ? or * to list all spells.
Aiming: Freeze (safe; 1% risk of failure)
Press: ? - help, Shift-Dir - straight line, f/p - ice beast
Aim: an ice beast (lightly wounded)
You freeze the ice beast but do no damage.
The ice beast completely resists.
The wall freezes Blork the orc.
Blork the orc casts a spell at you. The magic dart hits you.
* * * LOW HITPOINT WARNING * * *
The wall freezes Blork the orc.
Blork the orc barely misses you.
The ice beast completely resists.
The wall freezes the ice beast but does no damage.
The ice beast hits you but does no damage.
Casting: Freeze (safe; 1% risk of failure)
Confirm with . or Enter, or press ? or * to list all spells.
Aiming: Freeze (safe; 1% risk of failure)
Press: ? - help, Shift-Dir - straight line, f - Blork the orc, p - ice beast
Aim: Blork the orc, wielding a +0 war axe and wearing a +0 robe (almost dead, fast)
You freeze Blork the orc!
You kill Blork the orc!
Vehumet accepts your kill.
The ice beast completely resists.
The wall freezes the ice beast but does no damage.
The ice beast hits you but does no damage.
It was a potion of mutation.
You feel extremely strange.
You feel a strange attunement to the structure of the dungeons.
You feel insulated.
You feel clumsy.
The ice beast completely resists.
The wall freezes the ice beast but does no damage.
The ice beast hits you but does no damage.
It was a potion of curing.
You feel better.
The frozen ramparts melt away.
The ice beast barely misses you.
You hit the ice beast but do no damage.
The ice beast is lightly wounded.
The ice beast hits you. The ice beast freezes you!
* * * LOW HITPOINT WARNING * * *
You feel better. The ice beast hits you. The ice beast freezes you!
You die...

#...........# , ,
........#### ##.## ,
#.........# #...
#.........# #..# ,,,*
###.......# #..# *,
#.##....####.#### ,
#.####.##.......#####
, ###.##
#..........#... *
#....#
###......@Y#.#####
#..<.#
#.###.##)[.....# * *
#....#
#>....##)......#
#....#
#.###.##.......#
#....# #..
..##.......# , ,
#....# #.#
####.......# #....#
#.# ###.##### ######
.# .#


You could see an ice beast.

Vanquished Creatures
  Blork the orc (D:5)
  2 scorpions (D:4)
  A howler monkey (D:4)
  4 hounds (D:4)
  An iguana (D:4)
  An orc wizard (D:4)
  6 gnolls
  10 adders
  A white imp (D:5)
  3 dart slugs
  2 orcs
  11 ball pythons
  8 endoplasms
  3 giant cockroaches
  9 goblins
  7 hobgoblins
  6 jackals
  2 quokkas
  2 bats
  3 frilled lizards
  11 kobolds
  6 rats
100 creatures vanquished.

Notes
Turn   | Place    | Note
-------+----------+-------------------------------------------
     0 | D:1      | buriedalive the Deep Elf Ice Elementalist began the quest
                  | for the Orb.
     0 | D:1      | Reached XP level 1. HP: 10/10 MP: 6/6
   406 | D:1      | Found Fiunki's Magic Scroll Boutique.
   428 | D:1      | Reached XP level 2. HP: 15/15 MP: 6/8
   748 | D:1      | Found a faded altar of an unknown god.
  1000 | D:2      | Found Rigenna's Antique Weapon Shop.
  1019 | D:2      | Reached XP level 3. HP: 13/19 MP: 6/10
  1023 | D:2      | Learned a level 3 spell: Ozocubu's Armour
  1027 | D:2      | Learned a level 3 spell: Frozen Ramparts
  1447 | D:2      | Reached skill level 5 in Ice Magic
  1818 | D:2      | Reached XP level 4. HP: 19/24 MP: 9/12
  2721 | D:3      | Reached XP level 5. HP: 28/28 MP: 11/14
  2988 | D:4      | Found a staircase to the Ecumenical Temple.
  2993 | D:4      | Reached skill level 5 in Spellcasting
  3100 | D:4      | Reached skill level 6 in Ice Magic
  3100 | D:4      | Reached XP level 6. HP: 25/32 MP: 11/15
  3173 | D:4      | Reached skill level 5 in Dodging
  3418 | D:4      | Found Zuyfuem's Overcharged Wands.
  3645 | Temple   | Entered the Ecumenical Temple
  3693 | Temple   | Became a worshipper of Vehumet
  4356 | D:4      | Reached XP level 7. HP: 36/36 MP: 9/16
  4501 | D:4      | Found a hazy altar of Hepliaklqana.
  4503 | D:4      | Reached skill level 7 in Ice Magic
  4503 | D:4      | Found a shimmering altar of Xom.
  4504 | D:4      | Noticed a spectral ugly thing
  4608 | D:5      | Entered Level 5 of the Dungeon
  4732 | D:5      | Identified the ring "Odost" {rN+ Will+}
  4761 | D:5      | Noticed Blork the orc
  4772 | D:5      | Killed Blork the orc
  4773 | D:5      | Gained mutation: You passively map a small area around you.
                  | [potion of mutation]
  4773 | D:5      | Gained mutation: You are resistant to electric shocks.
                  | (rElec) [potion of mutation]
  4773 | D:5      | Gained mutation: You are clumsy. (Dex -2) [potion of
                  | mutation]
  4776 | D:5      | Slain by an ice beast

Illustrated notes

Levels and vault maps discovered:
D:1:      amcnicky_arrival_double_pillar, layout_basic,
          hellmonk_ecumenical_altar_leap_of_faith, serial_shops,
          nicolae_shop_stone, amcnicky_mini_rare_corridor_liquid,
          minmay_misc_feat_hallway
D:2:      layout_loops_ring, serial_shops, shop_fountains, minmay_distorted
D:3:      layout_rooms
D:4:      minmay_polygon_palace, layout_cave_pools,
          regret_index_temple_of_mockery, minmay_temple_entry_slanted,
          nicolae_shop_overcharged_wands
D:5:      wander_guarded_unrand_ratskin, layout_basic,
          lemuel_coloured_pillars_altar, uniq_blork_the_orc
Temple:   nicolae_temple_cloud_nine

Skill      XL: |  1  2  3  4  5  6  7 |
---------------+----------------------+-----
Dodging        | 3 4 6 |  6.4
Spellcasting   | 4 5 |  5.0
Ice Magic      | 5 6 7 |  7.2
Stealth        | |  2.4

Action                   |  1- 3 |  4- 6 |  7- 9 || total
-------------------------+-------+-------+-------++-------
Melee: Dagger            |    28 |    61 |    20 ||   109
       Punch             |     1 |     2 |       ||     3
       Whip              |       |     6 |       ||     6
Throw: Dart              |       |     3 |       ||     3
 Cast: Freeze            |    40 |    62 |     3 ||   105
       Frozen Ramparts   |       |     7 |     1 ||     8
       Ozocubu's Armour  |       |     2 |     1 ||     3
  Use: Scroll            |       |     5 |       ||     5
       Potion            |       |       |     3 ||     3
 Stab: Sleeping          |    10 |     5 |       ||    15
Armor: Robe              |     8 |    22 |     6 ||    36
Dodge: Dodged            |    25 |    99 |    23 ||   147
